 Dungeon Crawl Stone Soup version 0.25-a0-942-g87a53962fc (webtiles) character file.

Game seed: 4491296352482114223, levelgen mode: deterministic

4111 Iscandelvey the Vexing (level 10, -8/74 HPs)
             Began as a Demonspawn Arcane Marksman on May 8, 2020.
             Was a Believer of Kikubaaqudgha.
             Mangled by Snorg (9 damage)
             ... on level 9 of the Dungeon.
             The game lasted 01:15:37 (9560 turns).

Iscandelvey the Vexing (Demonspawn Arcane Marksman) Turns: 9560, Time: 01:15:40

Health: -8/74      AC: 16    Str: 10    XL:     10   Next: 6%
Magic:  0/18       EV: 12    Int: 18    God:    Kikubaaqudgha [**....]
Gold:   330        SH:  0    Dex: 14    Spells: 4/19 levels left

rFire    . . .     SeeInvis .   U - +2 whip (elec)
rCold    . . .     Gourm    .   (no shield)
rNeg     . . .     Faith    .   F - +1 ring mail {rPois}
rPois    +         Spirit   +   M - +0 helmet
rElec    .         Reflect  .   (no cloak)
rCorr    .         Harm     .   t - +0 pair of gloves
MR       .....                  x - +0 pair of boots
Stlth    +.........             b - amulet of regeneration
HPRegen  0.62/turn              r - +2 ring of slaying
MPRegen  0.16/turn              (no ring)

@: about to teleport
A: talons 1, iridescent scales 3, powered by death 2, magic shield
a: Receive Corpses, Renounce Religion


You were on level 9 of the Dungeon.
You worshipped Kikubaaqudgha.
Kikubaaqudgha was pleased with you.
You were not hungry.

You visited 2 branches of the dungeon, and saw 11 of its levels.

You collected 407 gold pieces.
You spent 77 gold pieces at shops.

Inventory:

Hand Weapons
 a - a cursed +0 spear
 q - a +2 mace of protection
 B - a +1 shortbow of flaming
 L - a cursed +4 mace of freezing
 U - a +2 whip of electrocution (weapon)
 V - a +1 spear of venom
 X - a +0 halberd of freezing
Missiles
 c - 356 stones
 d - 145 sling bullets
 e - 2 boomerangs
 k - 26 poisoned darts (quivered)
 u - 19 bolts
 N - 106 arrows
 R - 3 javelins
Armour
 t - a +0 pair of gloves (worn)
 x - a +0 pair of boots (worn)
 C - a +0 kite shield
 F - a +1 ring mail of poison resistance (worn)
 M - a +0 helmet (worn)
Jewellery
 b - an amulet of regeneration (around neck)
 r - a +2 ring of slaying (left hand)
Wands
 y - a wand of scattershot (4)
 D - a wand of paralysis (9)
 G - a wand of disintegration (21)
 O - a wand of acid (17)
 Q - a wand of enslavement (11)
 T - a wand of iceblast (13)
Scrolls
 h - 8 scrolls of identify
 l - a scroll of fog {unknown}
 m - 5 scrolls of enchant weapon
 s - 2 scrolls of immolation {unknown}
 v - a scroll of fear {unknown}
 E - 2 scrolls of magic mapping {unknown}
 H - 2 scrolls of blinking {unknown}
 I - a scroll of silence {unknown}
 J - 2 scrolls of remove curse
 S - a scroll of noise {unknown}
 Y - a scroll of enchant armour {unknown}
Potions
 g - 2 potions of curing
 i - 3 potions of brilliance
 j - 3 potions of mutation {unknown}
 n - 4 potions of flight
 o - a potion of haste
 p - a potion of berserk rage {unknown}
 z - a potion of lignification {unknown}
 A - a potion of heal wounds {unknown}
 K - 2 potions of ambrosia {unknown}
Comestibles
 f - 13 rations


   Skills:
 + Level 5.5 Fighting
   Level 3.2(4.1) Slings
 - Level 3.6(4.2) Throwing
 + Level 3.2 Armour
 + Level 4.1 Dodging
 + Level 2.4 Stealth
 + Level 2.9 Shields
 * Level 5.3 Spellcasting
 * Level 6.7 Hexes
 * Level 5.1 Necromancy
 + Level 2.3 Evocations


You had 4 spell levels left.
You knew the following spells:

 Your Spells              Type           Power        Failure   Level  Hunger
a - Corona                Hex            ####...      1%          1    None
b - Slow                  Hex            ####....     3%          2    #......
c - Vampiric Draining     Necr           ###.......   12%         3    ##.....
d - Cause Fear            Hex            ####......   19%         4    ####...
e - Confusing Touch       Hex            ####....     6%          3    ##.....
f - Sublimation of Blood  Necr           ###.......   6%          2    #......

Your spell library contained the following spells:

 Spells                   Type           Power        Failure   Level  Hunger
 Pain                     Necr           ###.         3%          1    None
 Tukima's Dance           Hex            ####....     6%          3    ##.....
 Ensorcelled Hibernation  Hex/Ice        ###...       12%         2    #......
 Corpse Rot               Necr/Air       N/A          17%         2    #......
 Dazzling Flash           Conj/Hex       ###...       24%         3    ##.....
 Inner Flame              Hex/Fire       ###.....     24%         3    ##.....
 Portal Projectile        Hex/Tloc       ###...       24%         3    ##.....
 Leda's Liquefaction      Hex/Erth       ###.......   61%         4    ####...


Dungeon Overview and Level Annotations

Branches:
Dungeon (10/15)            Temple (1/1) D:5            Lair (0/6) D:8
    Orc: D:9-12

Altars:
Cheibriados
Dithmenos
Elyvilon
Fedhas
Hepliaklqana
Kikubaaqudgha
Makhleb
Nemelex Xobeh
Sif Muna
Trog
Uskayaw
Zin

Shops:
D:4 !

Annotations:
D:9 Snorg


Innate Abilities, Weirdness & Mutations

You have sharp toenails.
You are completely covered in iridescent scales. (AC +6)
You regenerate health from kills.
When hurt, damage is shared between your health and your magic reserves.


Message History

Okay, then.
Okay, then.
Snorg closely misses you. Snorg claws you! Snorg claws you.
Snorg rages.
Snorg misses you. x2; Snorg barely misses you.
Snorg rages.
Snorg closely misses you. Snorg claws you. Snorg barely misses you.
There is a stone staircase leading up, spattered with blood here.
You see here a +1 whip of electrocution.
Snorg bites you!! Snorg claws you but does no damage. Snorg closely misses you.
You climb upwards.
There is a stone staircase leading down here.
As you read the scroll of teleportation, it crumbles to dust.
You feel strangely unstable. Snorg bites you. Snorg claws you!
* * * LOW HITPOINT WARNING * * *
Snorg claws you but does no damage. Snorg bites you!!
* * * LOW HITPOINT WARNING * * *
Snorg claws you!
You die...
Kikubaaqudgha rasps: "You have failed me!
Welcome... death!"

#.#.###......###....#....##.#)..#
####.#..............##....#.##.##
.###..........##.....##....###..#
....##....#...###..........# #...
...............#.......#######...
.......................# #....##
.#........##..#........######..#
.#........##..#T...............##
...........#....@................
.......................######....
.....................#.## #....
........)...............# #..##
...##..................## #..#
..#.#...#.........##....## ##..##
..###.............###....###.....
..#...#....##.)...#####..........
.####.#....##..###..# ##....####.


You could see Snorg (berserk).

Vanquished Creatures
  2 hungry ghosts (D:8)
  2 water moccasins
  An orc warrior (D:8)
  A sky beast (D:8)
  An ice beast (D:9)
  3 phantoms
  3 centaurs
  3 ogres
  4 bullfrogs
  A gnoll sergeant (D:8)
  3 scorpions
  9 killer bees
  4 wights (D:6)
  6 howler monkeys
  A crimson imp (D:7)
  A centaur zombie (D:5)
  2 hounds
  2 jellies
  2 centaur skeletons
  A quasit (D:8)
  2 orc priests
  5 worker ants
  8 orc wizards
  16 gnolls
  10 adders
  2 shadow imps
  An ooze (D:3)
  4 worms (D:2)
  4 dart slugs
  7 leopard geckos
  31 orcs
  2 ball pythons
  6 giant cockroaches
  4 goblins
  6 hobgoblins
  12 jackals
  3 quokkas (D:6)
  9 bats
  5 frilled lizards
  10 kobolds
  2 leopard gecko skeletons (D:4)
  A quokka skeleton (D:4)
  8 rats
210 creatures vanquished.

Notes
Turn   | Place    | Note
-------+----------+-------------------------------------------
     0 | D:1      | Iscandelvey the Demonspawn Arcane Marksman began the quest
                  | for the Orb.
     0 | D:1      | Reached XP level 1. HP: 15/15 MP: 2/2
   120 | D:1      | Gained mutation: When hurt, damage is shared between your
                  | health and your magic reserves. [demonic ancestry]
   120 | D:1      | Reached XP level 2. HP: 21/21 MP: 3/3
   208 | D:1      | Gained mutation: You have sharp toenails. [demonic
                  | ancestry]
   208 | D:1      | Reached XP level 3. HP: 26/26 MP: 4/4
   924 | D:2      | Gained mutation: You regenerate a little health from kills.
                  | [demonic ancestry]
   924 | D:2      | Reached XP level 4. HP: 33/33 MP: 5/5
   928 | D:2      | Learned a level 2 spell: Slow
  1079 | D:2      | Found a faded altar of an unknown god.
  1762 | D:2      | Found a snail-covered altar of Cheibriados.
  1992 | D:3      | Found a glowing silver altar of Zin.
  2022 | D:3      | Reached skill level 1 in Throwing
  2022 | D:3      | Gained mutation: You are partially covered in iridescent
                  | scales. (AC +2) [demonic ancestry]
  2022 | D:3      | Reached XP level 5. HP: 18/38 MP: 3/7
  2820 | D:3      | Found a burning altar of Makhleb.
  2969 | D:4      | Found Uhaph's Distillery.
  2987 | D:4      | Reached XP level 6. HP: 43/46 MP: 9/9
  3034 | D:4      | Reached skill level 4 in Hexes
  3374 | D:4      | Bought a potion of curing for 33 gold pieces
  3374 | D:4      | Bought a potion of flight for 33 gold pieces
  3374 | D:4      | Bought a potion of degeneration for 11 gold pieces
  3419 | D:4      | Found a blossoming altar of Fedhas.
  3908 | D:5      | Entered Level 5 of the Dungeon
  3941 | D:5      | Noticed a water moccasin
  3959 | D:5      | Killed a water moccasin
  3959 | D:5      | Reached skill level 1 in Armour
  3959 | D:5      | Gained mutation: You are mostly covered in iridescent
                  | scales. (AC +4) [demonic ancestry]
  3959 | D:5      | Reached XP level 7. HP: 33/52 MP: 3/11
  4043 | D:5      | Found a staircase to the Ecumenical Temple.
  4048 | Temple   | Entered the Ecumenical Temple
  4061 | Temple   | Became a worshipper of Kikubaaqudgha
  4701 | D:5      | Reached skill level 1 in Shields
  4812 | D:5      | Reached skill level 1 in Necromancy
  5008 | D:6      | Reached XP level 8. HP: 55/60 MP: 9/13
  5182 | D:6      | Reached skill level 5 in Hexes
  5324 | D:6      | Reached * piety under Kikubaaqudgha
  5324 | D:6      | Identified Kikubaaqudgha's Almanac of Stolen Souls
                  | (Kikubaaqudgha gifted it to you on level 6 of the Dungeon)
  5324 | D:6      | Received a gift from Kikubaaqudgha
  5330 | D:6      | Learned a level 3 spell: Vampiric Draining
  5335 | D:6      | Learned a level 4 spell: Cause Fear
  6048 | D:7      | Found a shimmering blue altar of Sif Muna.
  6850 | D:7      | Reached skill level 1 in Stealth
  6850 | D:7      | Gained mutation: You regenerate health from kills. [demonic
                  | ancestry]
  6850 | D:7      | Reached XP level 9. HP: 27/66 MP: 1/15
  7073 | D:8      | Reached skill level 1 in Evocations
  7519 | D:8      | Reached skill level 6 in Hexes
  7587 | D:8      | Learned a level 3 spell: Confusing Touch
  7590 | D:8      | Learned a level 2 spell: Sublimation of Blood
  7620 | D:8      | Reached skill level 5 in Fighting
  7799 | D:8      | Found a staircase to the Lair.
  7854 | D:8      | Reached skill level 5 in Spellcasting
  7941 | D:8      | Reached ** piety under Kikubaaqudgha
  8727 | D:9      | Reached skill level 5 in Necromancy
  9519 | D:10     | Entered Level 10 of the Dungeon
  9534 | D:10     | Gained mutation: You are completely covered in iridescent
                  | scales. (AC +6) [demonic ancestry]
  9534 | D:10     | Reached XP level 10. HP: 63/74 MP: 14/18
  9544 | D:10     | Noticed Snorg
  9560 | D:9      | HP: 1/74 [Snorg (17)]
  9560 | D:9      | Mangled by Snorg

Levels and vault maps discovered:
D:1:      kennysheep_arrival_forest, layout_rooms, grunt_decor_one_mirror,
          st_stairs_3
D:2:      layout_loops_ring, nicolae_overflow_crystal_walls,
          chequers_ecumenical_altar_twisty
D:3:      layout_loops_cross, nicolae_overflow_hidden_temple,
          lemuel_doored_altar, st_stairs_10
D:4:      layout_cave_pools, serial_shops,
          nicolae_shop_competitors_out_of_business, fedhas_altar_4
D:5:      layout_loops_cross, temple_doors_e, first_ration,
          hangedman_decor_clover_reticule
D:6:      layout_rooms, minmay_quadrilaterals
D:7:      layout_loops_ring, tgw_sif
D:8:      layout_cave_pools, lair_entry_dummy
D:9:      layout_layer_cave
D:10:     layout_cave_pools, david_orc_2, hangedman_little_slice_of_home,
          uniq_snorg
Temple:   compressed_dpeg_circular_temple

Skill      XL: |  1  2  3  4  5  6  7  8  9 |
---------------+----------------------------+-----
Slings         | 2 3 |  3.2
Fighting       | 2 3 4 5 |  5.5
Dodging        | 2 3 4 |  4.1
Throwing       | 1 2 3 |  3.6
Spellcasting   | 2 3 4 5 |  5.3
Hexes          | 4 5 6 |  6.7
Armour         | 1 2 3 |  3.2
Shields        | 1 2 |  2.9
Necromancy     | 1 3 5 |  5.1
Stealth        | 1 2 |  2.4
Evocations     | 2 |  2.3

Action                   |  1- 3 |  4- 6 |  7- 9 | 10-12 || total
-------------------------+-------+-------+-------+-------++-------
Melee: Dagger            |       |    29 |       |       ||    29
       Kick              |       |    12 |       |       ||    12
       Mace              |       |   164 |   603 |       ||   767
       Spear             |       |       |    51 |       ||    51
       Whip              |       |       |     7 |     2 ||     9
 Fire: Hunting sling     |   129 |    45 |       |       ||   174
       Shortbow          |       |       |    25 |       ||    25
Throw: Dart              |       |    49 |    92 |       ||   141
 Cast: Corona            |       |    17 |    29 |       ||    46
       Slow              |       |    21 |    33 |       ||    54
       Vampiric Draining |       |       |     4 |       ||     4
       Confusing Touch   |       |       |     2 |       ||     2
       Cause Fear        |       |       |       |     1 ||     1
  Use: Scroll            |       |       |     6 |     1 ||     7
       Potion            |       |       |     1 |       ||     1
 Stab: Confused          |       |       |     1 |       ||     1
  Eat: Chunk             |       |    11 |    21 |       ||    32
       Ration            |       |       |     3 |       ||     3
Armor: Robe              |     7 |    18 |       |       ||    25
       Leather armour    |       |    93 |   104 |       ||   197
       Ring mail         |       |       |   414 |     6 ||   420
Dodge: Dodged            |    27 |   161 |   616 |    12 ||   816

Table legend:
 A = Non-vault XP
 B = Vault XP
 C = Vault XP percentage of total XP
 D = Non-vault monster count
 E = Vault monster count
 F = Vault count percentage of total count
                 A         B        C        D         E       F
            +---------+---------+-------+---------+---------+-------
      Total |    5747 |     127 |   2.2 |     203 |       7 |   3.3
            +---------+---------+-------+---------+---------+-------
        D:1 |      61 |       5 |   7.6 |      32 |       3 |   8.6
        D:2 |     118 |       0 |   0.0 |      26 |       0 |   0.0
        D:3 |     289 |      15 |   4.9 |      30 |       2 |   6.2
        D:4 |     219 |       0 |   0.0 |      16 |       0 |   0.0
        D:5 |     628 |       0 |   0.0 |      14 |       0 |   0.0
        D:6 |     624 |      72 |  10.3 |      19 |       1 |   5.0
        D:7 |     799 |      35 |   4.2 |      17 |       1 |   5.6
        D:8 |    1993 |       0 |   0.0 |      40 |       0 |   0.0
        D:9 |     611 |       0 |   0.0 |       7 |       0 |   0.0
       D:10 |     405 |       0 |   0.0 |       2 |       0 |   0.0
            +---------+---------+-------+---------+---------+-------
